 Dungeon Crawl Stone Soup version 0.32-a0-468-g38b2580584 (webtiles) character file.

Game seed: 5656601339653910740

111180 shoop the Bludgeoner (level 16, -2/141 HPs)
             Began as a Mountain Dwarf Fighter on Feb 19, 2024.
             Was the Champion of Beogh.
             Succumbed to a naga mage's splash of poison
             ... on level 2 of the Lair of Beasts on Feb 24, 2024.
             The game lasted 01:18:18 (28323 turns).

shoop the Bludgeoner (Mountain Dwarf Fighter)      Turns: 28323, Time: 01:18:19

Health: -2/141     AC: 32    Str: 31    XL:     16   Next: 8%
Magic:  20/23      EV:  8    Int: 11    God:    Beogh [******]
Gold:   1798       SH:  5    Dex:  9    Spells: 15/25 levels left

rFire   . . .        s - +2 morningstar (protect)
rCold   . . .        c - +0 buckler
rNeg    . . .        M - +1 plate armour {Will+}
rPois   +            W - +0 helmet
rElec   .            X - +0 cloak
rCorr   +            A - +1 pair of gloves
SInv    .            v - +2 pair of boots
Will    ++...        U - amulet "Lathias" {Acrobat Harm ^Drain rCorr Stlth+} Stlth
                     E - ring of poison resistance
HPRegen 0.43/turn    Q - +6 ring of strength
MPRegen 0.18/turn

%: harm (+30% outgoing, +20% incoming), acrobat
@: lethally poisoned (-2 -> -30), under a protective aura, constricted, studying
Hexes
A: walk on water, runic magic, artefact enchanting
a: Renounce Religion, Smiting, Recall Apostles, Blood for Blood, Dismiss Borgun,
warrior, Dismiss Bogbarth, warrior, Dismiss Learuk, warrior


You were on level 2 of the Lair of Beasts.
You worshipped Beogh.
Beogh was exalted by your worship.
You visited 6 branches of the dungeon, and saw 25 of its levels.

You collected 2668 gold pieces.
You spent 870 gold pieces at shops.

Inventory:

Hand Weapons
 s - a +2 morningstar of protection (weapon)
 L - a +2 antimagic morningstar
Missiles
 O - a throwing net (quivered)
Armour
 c - a +0 buckler (worn)
 q - a +0 crystal plate armour
 v - a +2 pair of boots (worn)
 A - a +1 pair of gloves (worn)
 M - a +1 plate armour of willpower (worn)
 W - a +0 helmet (worn)
 X - a +0 cloak (worn)
Jewellery
 g - a +5 ring of evasion
 l - a +5 ring of evasion
 E - a ring of poison resistance (left hand)
 F - a +6 ring of dexterity
 J - a ring of protection from fire
 Q - a +6 ring of strength (right hand)
 R - a ring of ice
 U - the amulet "Lathias" (around neck) {Acrobat Harm ^Drain rCorr Stlth+}
   (You found it on level 2 of the Lair of Beasts)

   [amulet of the acrobat]

   Acrobat:   It increases your evasion while moving and waiting.
   rCorr:     It protects you from acid and corrosion.
   ^Drain:    It drains your maximum health when unequipped.
   Harm:      It increases damage dealt and taken.
   Stlth+:    It makes you more stealthy.
 Y - an amulet of guardian spirit
Wands
 t - a wand of flame (8)
 N - a wand of iceblast (18)
 T - a wand of paralysis (17)
Scrolls
 j - 4 scrolls of revelation
 m - 9 scrolls of teleportation
 n - 3 scrolls of fog
 o - 4 scrolls of enchant weapon
 p - a scroll of vulnerability
 r - 4 scrolls of blinking
 w - 3 scrolls of fear
 y - a scroll of acquirement
 z - 3 scrolls of brand weapon
 C - 4 scrolls of immolation {unknown}
 G - 2 scrolls of silence
 K - a scroll of poison
 P - 2 scrolls of noise
 V - a scroll of amnesia
Potions
 a - a potion of invisibility
 b - 2 potions of attraction
 d - 5 potions of might
 e - 2 potions of haste
 f - a potion of magic
 h - 2 potions of brilliance
 i - 4 potions of heal wounds
 k - 2 potions of ambrosia {unknown}
 u - a potion of resistance
 x - 5 potions of curing
 B - 6 potions of mutation
 D - 3 potions of lignification
 H - 3 potions of cancellation
 S - 3 potions of enlightenment
 Z - 2 potions of berserk rage


   Skills:
 - Level 12.6 Fighting
 - Level 16.0 Maces & Flails
 - Level 12.0 Armour
 - Level 10.0 Dodging
 + Level 6.1 Shields
 - Level 5.0 Spellcasting
 - Level 10.0 Hexes
 - Level 5.2 Summonings
 - Level 9.0 Necromancy
 - Level 6.0 Translocations
 - Level 10.0 Invocations
 - Level 2.0 Evocations


You had 15 spell levels left.
You knew the following spells:

 Your Spells              Type           Power      Damage    Failure   Level
a - Martyr's Knell        Necr/Summ      18%        N/A       21%         4
b - Lesser Beckoning      Tloc           30%        N/A       4%          2
c - Anguish               Hex/Necr       11%        N/A       8%          4

Your spell library contained the following spells:

 Spells                   Type           Power      Damage    Failure   Level
 Confusing Touch          Hex            24%        N/A       1%          3
 Fugue of the Fallen      Necr           22%        N/A       2%          3
 Kiss of Death            Conj/Necr      48%        2d9       6%          1
 Ensorcelled Hibernation  Hex/Ice        26%        N/A       8%          2
 Gell's Gravitas          Tloc           15%        N/A       10%         3
 Teleport Other           Tloc           15%        N/A       10%         3
 Dispel Undead            Necr           22%        3d12      10%         4
 Cigotuvi's Dreadful Rot  Necr/Alch/Air  18%        N/A       17%         2
 Foxfire                  Conj/Fire      8%         2x1d4     36%         1
 Sandblast                Erth           4%         2d4       36%         1
 Sting                    Conj/Alch      8%         1d3       36%         1
 Mercury Vapours          Alch/Air       4%         N/A       50%         2
 Scorch                   Fire           4%         2d5       50%         2
 Passwall                 Erth           2%         N/A       75%         3
 Stone Arrow              Conj/Erth      4%         3d7       75%         3
 Borgnjor's Vile Clutch   Necr/Erth      6%         N/A       86%         5
 Brom's Barrelling Bould  Conj/Erth      2%         2d3       98%         4
 Flame Wave               Conj/Fire      2%         2d4       98%         4
 Leda's Liquefaction      Alch/Erth      1%         N/A       98%         4
 Olgreb's Toxic Radiance  Alch           2%         N/A       98%         4
 Arcjolt                  Conj/Air       1%         1d11      100%        5
 Fireball                 Conj/Fire      1%         3d3       100%        5
 Iskenderun's Battlesphe  Conj           2%         2d6       100%        5
 Lee's Rapid Deconstruct  Erth           1%         3d4*      100%        5
 Bombard                  Conj/Erth      1%         9d1       100%        6
 Conjure Ball Lightning   Conj/Air       1%         3x3d6     100%        6
 Plasma Beam              Fire/Air       1%         2x1d11    100%        6
 Starburst                Conj/Fire      1%         6d3       100%        6
 Summon Cactus Giant      Summ           7%         N/A       100%        6
 Orb of Destruction       Conj           1%         9d5       100%        7


Dungeon Overview and Level Annotations

Branches:
Dungeon (15/15)            Temple (1/1) D:7            Lair (5/5) D:9
 Shoals (0/4) Lair:3        Snake (1/4) Lair:2        Slime (0/5) Lair:5
    Orc (2/2) D:10            Elf (1/3) Orc:2        Vaults (0/5) D:13
 Depths (0/4) D:15

Altars:
Ashenzari
Cheibriados
Dithmenos
Elyvilon
Fedhas
Gozag
Hepliaklqana
Kikubaaqudgha
Makhleb
Nemelex Xobeh
Okawaru
Qazlal
Ru
Sif Muna
Trog
Uskayaw
Vehumet
Wu Jian
Xom
Yredelemnul
Zin
The Shining One
Jiyva

Shops:
D:4 !   Orc:2 [([!=

Portals:
Trove: D:11 (give +6 demon blade)

Annotations:
D:4 1 runed translucent door, Crazy Yiuf
D:6 2 transporters
D:14 Roxanne
Temple 2 transporters


Innate Abilities, Weirdness & Mutations

You can walk on water.
Your facial features are unmistakably orcish.
Your spellcasting is much less encumbered by armour.
You can use scrolls of enchantment on lesser artefacts.


Message History

Beogh accepts your kill. The naga mage hits you with a +0 whip.
* * * LOW HITPOINT WARNING * * *
The naga mage grabs you. The naga mage constricts you.
* * * LOW HITPOINT WARNING * * *
The sea snake closely misses you.
The black mamba bites you but does no damage.
Your Shields skill increases to level 6!
Unknown command.
Unknown command.
You feel much better.
You feel very sick. You block the black mamba's attack.
The naga mage spits poison at you.
The splash of poison hits you but does no damage.
You are lethally poisoned!
You resist. The naga mage constricts you.
* * * LOW HITPOINT WARNING * * *
The sea snake bites you but does no damage.
Unknown command.
Unknown command.
Unknown command.
You puncture the naga mage!
Your weapon exudes an aura of protection.
The naga mage is moderately wounded.
* * * LOW HITPOINT WARNING * * *
You feel very sick. You block the black mamba's attack.
Learuk hits the black mamba with a +2 antimagic battleaxe!!
You block the naga mage's attack. The naga mage constricts you.
* * * LOW HITPOINT WARNING * * *
The black mamba bites you!
* * * LOW HITPOINT WARNING * * *
The sea snake bites you.
* * * LOW HITPOINT WARNING * * *
The sea snake is wracked by anguish.
Unknown command.
You hit the naga mage but do no damage.
The naga mage is moderately wounded.
You die...

...##............................
........................##.#P##..
...................###########..#
............####.#### #..#
...##...#..##~.~.~♣~# ##.#
..####.##..#.~.....~♣ #.# ..#
###...#..♣♣.♣♣.♣# ##.# ..##
##..#~.♣So.♣.≈### #... ...#
#.......@†.....### ##.. ..##
####..#~.♣SN÷♣..#...######..
..####.##..#≈.♣♣.♣♣.~#...........
..##..#.P..#♣......~.#....###.#..
...........##♣~~.~..##....P#####.
..........).####.####.....P# #†
.............#...#........## #.
..........................# #.
.........).......P........# #.


You could see a sea snake (anguished, target of vengeance), a black mamba (ally
target, target of vengeance), a naga mage (strong, catching breath, target of
vengeance) and the friendly Learuk the orc apostle.

Vanquished Creatures
  Kirke (D:13)
  Azrael (D:13)
  2 hydras
  8 two-headed ogres
  A merfolk avatar (Lair:5)
  A boulder beetle (D:15)
  An anaconda (Snake:1)
  Erica (D:9)
  2 catoblepae
  8 death yaks
  A centaur warrior (D:14)
  A naga warrior (Snake:1)
  A sixfirhy (D:12)
  2 skysharks
  Lodul (D:13)
  A sea snake (Lair:2)
  A deep troll (Orc:2)
  A glowing orange brain (D:15)
  2 mana vipers (Lair:2)
  2 deep elf pyromancers
  Pikel (D:8)
  2 orc knights
  6 ugly things
  A cyclops (D:14)
  2 manticores
  2 black mambas
  2 elephants
  A guardian serpent (Lair:2)
  A rust devil (D:12)
  Maggie (Lair:1)
  A torpor snail (Lair:3)
  7 cane toads
  10 komodo dragons
  3 rime drakes
  An efreet (D:15)
  An ice devil (D:12)
  3 red devils (D:12)
  12 trolls
  2 polar bears
  A nameless horror (Lair:5)
  11 blink frogs
  3 dream sheep (Lair:4)
  16 slime creatures
  5 wraiths
  4 shadows
  A ynoxinul (D:12)
  3 wyverns
  A basilisk (Lair:1)
  Eustachio (D:5)
  A steam dragon (D:9)
  39 yaks
  3 vampire mosquitoes
  A warg (Orc:2)
  A chaos spawn (D:12)
  3 nagas
  3 acid dragons
  10 water moccasins
  4 hell hounds (D:13)
  A sky beast (D:7)
  5 black bears
  An ice beast (D:5)
  9 orc warriors
  7 centaurs
  14 ogres
  3 wolves (D:9)
  4 kobold brigands
  A lemure (D:9)
  2 phantoms
  19 bullfrogs
  3 gnoll sergeants
  4 scorpions
  5 wights
  3 killer bees (D:7)
  An electric eel (D:9)
  A bombardier beetle (D:5)
  3 howler monkeys
  4 quasits (D:12)
  8 hounds
  3 gnoll boudas
  2 orc priests
  A jelly (D:6)
  Ijyb (D:4)
  7 orc wizards
  A sleepcap (D:6)
  3 iguanas
  15 gnolls
  10 adders
  2 shadow imps
  2 white imps
  3 dart slugs
  A ribbon worm (D:2)
  49 orcs
  6 ball pythons
  6 endoplasms
  4 giant cockroaches
  7 goblins
  5 hobgoblins
  7 quokkas
  5 bats
  6 frilled lizards
  10 kobolds
  4 rats
467 creatures vanquished.

Vanquished Creatures (collateral kills)
  Jorgrun (D:13)
  Josephine (Lair:5)
  A fire dragon (D:15)
  3 hydras
  2 ogre magi
  A catoblepas (Lair:5)
  3 boulder beetles
  An anaconda (Snake:1)
  2 centaur warriors (D:15)
  4 two-headed ogres
  10 death yaks
  A naga warrior (Snake:1)
  2 skysharks
  An iron troll (Orc:2)
  2 sea snakes
  2 mana vipers
  An arcanist (D:15)
  An orc sorcerer (Orc:1)
  3 deep elf pyromancers
  3 deep elf zephyrmancers (Elf:1)
  2 necromancers (D:13)
  3 cyclopes
  6 ugly things
  A manticore (D:15)
  2 kobold blastminers (Orc:2)
  A merfolk siren (Lair:3)
  2 elephants (Lair:5)
  5 black mambas
  5 cane toads
  4 komodo dragons
  A red devil (D:12)
  A hellwing (D:12)
  3 trolls
  A polar bear (Lair:5)
  A wind drake (Lair:5)
  A nameless horror (Lair:2)
  A hornet (Lair:5)
  7 dream sheep
  A glass eye (shapeshifter) (D:15)
  4 slime creatures (D:15)
  9 blink frogs
  18 yaks
  2 wraiths
  A ynoxinul (D:12)
  2 basilisks
  2 fire elementals (D:13)
  2 wyverns (Lair:3)
  2 wargs
  A hog (D:13)
  A vampire mosquito (D:12)
  A steam dragon (Lair:5)
  3 water moccasins (Lair:3)
  3 orc warriors
  3 black bears (Lair:3)
  15 ogres
  2 centaurs (D:15)
  2 bullfrogs (Lair:3)
  An electric eel (Lair:3)
  2 quasits (D:12)
  3 orc priests
  3 orc wizards
  An orc (Orc:2)
176 creatures vanquished.

Vanquished Creatures (others)
  A two-headed ogre (Orc:2)
  5 orc apostles
  4 trolls
  3 humans (D:13)
  A naga (Snake:1)
  2 orc warriors
  3 ogres
  A bullfrog (Lair:3)
  5 orcs (Orc:2)
25 creatures vanquished.

Grand Total: 668 creatures vanquished

Notes
Turn   | Place    | Note
-------+----------+-------------------------------------------
     0 | D:1      | shoop the Mountain Dwarf Fighter began the quest for the
                  | Orb.
     0 | D:1      | Reached XP level 1. HP: 19/19 MP: 1/1
     0 | D:1      | Upgraded the game from 0.32-a0-361-g289a535e89 to
                  | 0.32-a0-450-g080537f31e
   174 | D:1      | Reached XP level 2. HP: 20/26 MP: 2/2
   229 | D:1      | Reached skill level 3 in Maces & Flails
   798 | D:2      | Reached XP level 3. HP: 31/31 MP: 3/3
  1605 | D:3      | Reached XP level 4. HP: 8/40 MP: 4/4
  1742 | D:3      | Reached skill level 4 in Maces & Flails
  1997 | D:3      | Found a glowing silver altar of Zin.
  2093 | D:3      | Reached XP level 5. HP: 44/46 MP: 5/5
  2407 | D:3      | Got Sif Muna's Papyrus of Caliginous Gases
  2607 | D:4      | Noticed Ijyb
  2657 | D:4      | Found Ypescheps's Distillery.
  2789 | D:4      | Killed Ijyb
  2790 | D:4      | Reached skill level 5 in Maces & Flails
  2873 | D:3      | Reached XP level 6. HP: 34/53 MP: 6/6
  2948 | D:3      | Reached skill level 1 in Evocations
  3234 | D:4      | Reached skill level 6 in Maces & Flails
  3371 | D:4      | Reached XP level 7. HP: 60/60 MP: 7/7
  3530 | D:4      | Reached skill level 5 in Armour
  3549 | D:4      | Reached skill level 5 in Fighting
  3725 | D:4      | Found a runed translucent door.
  3726 | D:4      | Noticed Crazy Yiuf
  4012 | D:5      | Entered Level 5 of the Dungeon
  4174 | D:5      | Reached skill level 7 in Maces & Flails
  4423 | D:5      | Reached XP level 8. HP: 70/70 MP: 8/8
  4565 | D:5      | Reached skill level 8 in Maces & Flails
  4808 | D:5      | Reached skill level 9 in Maces & Flails
  5108 | D:5      | Noticed Eustachio
  5117 | D:5      | Killed Eustachio
  5218 | D:6      | Found a transporter.
  5218 | D:6      | Found a white marble altar of Elyvilon.
  5230 | D:6      | Reached skill level 10 in Maces & Flails
  5230 | D:6      | Reached XP level 9. HP: 79/79 MP: 9/9
  5574 | D:6      | Reached skill level 11 in Maces & Flails
  5604 | D:6      | Found a transporter.
  6005 | D:7      | Reached skill level 12 in Maces & Flails
  6295 | D:7      | Reached skill level 13 in Maces & Flails
  6316 | D:7      | Identified the +6 dagger "Emuh" {pain, rPois rC+ Int+3
                  | Dex+3}
  6695 | D:7      | Found a staircase to the Ecumenical Temple.
  7169 | D:8      | Reached XP level 10. HP: 84/86 MP: 10/10
  7672 | D:8      | Reached skill level 14 in Maces & Flails
  7902 | D:8      | Identified the +6 long sword "Spiderslayer" {flame, Str+3
                  | Stlth+}
  8043 | Temple   | Found a transporter.
  8043 | Temple   | Found a transporter.
  8043 | Temple   | Found a transporter.
  8043 | Temple   | Found a transporter.
  8043 | Temple   | Entered the Ecumenical Temple
  8075 | D:9      | Noticed Pikel
  8102 | D:8      | Killed Pikel
  8313 | D:9      | Noticed a two-headed ogre
  8458 | D:4      | Bought a potion of cancellation for 80 gold pieces
  8458 | D:4      | Bought a potion of mutation for 80 gold pieces
  8458 | D:4      | Bought a potion of berserk rage for 50 gold pieces
  8458 | D:4      | Bought 2 potions of degeneration for 20 gold pieces
  8574 | D:9      | Found a snail-covered altar of Cheibriados.
  8601 | D:9      | Found a staircase to the Lair.
  8641 | D:9      | Noticed Erica
  8661 | D:9      | Killed Erica
  8662 | D:9      | Reached skill level 15 in Maces & Flails
  8935 | D:9      | Found a broken altar of Ashenzari.
  8977 | D:9      | Killed a two-headed ogre
  8978 | D:9      | Reached skill level 16 in Maces & Flails
  9450 | D:10     | Entered Level 10 of the Dungeon
  9691 | D:10     | Found a staircase to the Orcish Mines.
 10133 | D:10     | Noticed a two-headed ogre
 10151 | D:10     | Killed a two-headed ogre
 10152 | D:10     | Reached XP level 11. HP: 81/99 MP: 11/11
 10232 | D:10     | Reached skill level 10 in Fighting
 10319 | D:10     | Reached skill level 1 in Dodging
 10761 | Orc:1    | Entered Level 1 of the Orcish Mines
 10786 | D:10     | Became a worshipper of Beogh the Shepherd
 10838 | Orc:1    | Noticed an orc knight
 10862 | D:10     | Killed an orc knight
 10980 | Orc:1    | Reached * piety under Beogh
 11023 | Orc:1    | Noticed an orc knight
 11063 | Orc:1    | Killed an orc knight
 11266 | Orc:2    | Entered Level 2 of the Orcish Mines
 11266 | Orc:2    | Found a staircase to the Elven Halls.
 11862 | D:11     | Found a portal to a secret trove of treasure.
 12042 | Lair:1   | Entered Level 1 of the Lair of Beasts
 12045 | Lair:1   | Noticed Maggie
 12060 | Lair:1   | Killed Maggie
 12132 | Lair:1   | Noticed a skyshark
 12150 | Lair:1   | Killed a skyshark
 12272 | Lair:1   | Reached skill level 10 in Armour
 12367 | Lair:1   | Reached skill level 5 in Dodging
 12408 | Lair:1   | Reached ** piety under Beogh
 12613 | Lair:1   | Reached XP level 12. HP: 87/106 MP: 12/14
 12830 | Lair:1   | Reached skill level 5 in Invocations
 13679 | Lair:2   | Noticed a death yak
 13679 | Lair:2   | Noticed a death yak
 13679 | Lair:2   | Noticed a death yak
 13731 | Lair:2   | Identified the +3 flail "Concordance" {heavy, Int+3 Dex+3}
 14026 | Lair:2   | Identified the amulet "Lathias" {Acrobat Harm ^Drain rCorr
                  | Stlth+}
 14178 | Lair:2   | Reached skill level 10 in Invocations
 14198 | Lair:2   | Found a staircase to the Snake Pit.
 14209 | Lair:2   | Learned a level 4 spell: Martyr's Knell
 14297 | Lair:2   | Reached skill level 1 in Necromancy
 14656 | Lair:3   | Reached skill level 1 in Summonings
 14662 | Lair:3   | Reached skill level 1 in Spellcasting
 14679 | Lair:3   | Reached *** piety under Beogh
 14800 | Lair:3   | Anointed Wardok the wizard as your apostle
 15069 | Lair:3   | Noticed a death yak
 15069 | Lair:3   | Noticed a catoblepas
 15241 | D:12     | Noticed a two-headed ogre
 15258 | D:12     | Killed a two-headed ogre
 15551 | D:12     | Your ally Wardok died
 15560 | D:12     | Reached XP level 13. HP: 112/113 MP: 20/20
 15889 | D:11     | Reached skill level 5 in Necromancy
 16152 | D:11     | Anointed Borgun the warrior as your apostle
 16936 | D:13     | Noticed Kirke
 17003 | D:13     | Reached **** piety under Beogh
 17013 | D:13     | Killed Kirke
 17183 | D:13     | Noticed Jorgrun
 17191 | D:13     | Killed Jorgrun
 17318 | D:13     | Noticed Azrael
 17336 | D:13     | Killed Azrael
 17454 | D:13     | Noticed Lodul
 17462 | D:13     | Killed Lodul
 17611 | D:13     | Found a gate to the Vaults.
 18195 | D:14     | Noticed Roxanne
 18200 | D:14     | Reached skill level 5 in Summonings
 18662 | D:14     | Found a shadowy altar of Dithmenos.
 18983 | Lair:2   | Reached XP level 14. HP: 72/121 MP: 13/21
 19384 | Lair:3   | Anointed Bogbarth the warrior as your apostle
 19606 | Lair:3   | Reached skill level 5 in Spellcasting
 19631 | Lair:3   | Reached ***** piety under Beogh
 19639 | Lair:3   | Your ally Wardok died
 20295 | Lair:3   | Learned a level 4 spell: Anguish
 20605 | Lair:3   | Reached skill level 1 in Hexes
 20682 | Lair:3   | Found a staircase to the Shoals.
 21975 | Lair:5   | Entered Level 5 of the Lair of Beasts
 22056 | Lair:5   | Noticed Josephine
 22068 | Lair:5   | Killed Josephine
 22069 | Lair:5   | Reached skill level 5 in Hexes
 22688 | Lair:5   | Anointed Learuk the warrior as your apostle
 22950 | Lair:5   | Identified the +11 trident of Mapludok {freeze, rC+ Int+3
                  | Dex+8 Stlth-}
 23046 | Lair:5   | Reached XP level 15. HP: 119/126 MP: 18/22
 23375 | Lair:5   | Found a staircase to the Slime Pits.
 23375 | Lair:5   | Found a viscous altar of Jiyva.
 23860 | Lair:5   | Reached skill level 10 in Hexes
 24168 | Orc:2    | Reached skill level 10 in Dodging
 24171 | Orc:2    | Learned a level 2 spell: Lesser Beckoning
 24180 | Orc:2    | Found Zeonimnarokk's Weapon Boutique.
 24184 | Orc:2    | Reached skill level 1 in Translocations
 24185 | Orc:2    | Found Dohorhoxt's Distillery.
 24205 | Orc:2    | Your ally Bogbarth died
 24208 | Orc:1    | Reached ****** piety under Beogh
 24965 | Orc:2    | Reached skill level 5 in Translocations
 24974 | Orc:2    | Found Gaestru's Antique Armour Emporium.
 25143 | Orc:2    | Found Rogurghai's Armour Shoppe.
 25146 | Orc:2    | Bought a potion of lignification for 42 gold pieces
 25146 | Orc:2    | Bought a potion of resistance for 140 gold pieces
 25146 | Orc:2    | Bought a potion of attraction for 42 gold pieces
 25256 | Orc:2    | Found Qin Tisch's Jewellery Shoppe.
 25786 | Orc:2    | Bought a +1 pair of gloves for 184 gold pieces
 25801 | Orc:2    | Bought a pair of embroidered boots for 232 gold pieces
 25947 | D:15     | Entered Level 15 of the Dungeon
 26217 | D:15     | Identified the +5 flail of Iguutu {heavy, rElec rF+ Dex-2}
 26427 | D:15     | Identified a scroll of acquirement
 26628 | D:15     | Found a staircase to the Depths.
 26836 | D:15     | Identified the +3 great mace "Bap Gadd" {antimagic, rPois
                  | Str+2}
 27264 | Elf:1    | Entered Level 1 of the Elven Halls
 27642 | Snake:1  | Entered Level 1 of the Snake Pit
 27740 | Snake:1  | Your ally Borgun died
 27746 | Lair:2   | HP: 6/134 [poisoned by a naga]
 27747 | Lair:2   | Your ally Bogbarth died
 27749 | Lair:2   | Reached XP level 16. HP: 5/141 MP: 2/23
 27750 | Lair:2   | Reached skill level 5 in Shields
 28312 | Snake:1  | Upgraded the game from 0.32-a0-450-g080537f31e to
                  | 0.32-a0-468-g38b2580584
 28322 | Lair:2   | HP: 6/141 [black mamba (9)]
 28323 | Lair:2   | Succumbed to a naga mage's splash of poison

Illustrated notes

Levels and vault maps discovered:
D:1:      mrwooster_arrival_statue_3, layout_basic, minmay_misc_feat_room
D:2:      layout_loops_ring, eino_curves_03
D:3:      wad_woods_stonehenge, layout_basic, hangedman_abyss_or_decor_stabs
D:4:      layout_cave_pods, serial_shops, nicolae_stop_n_shop_1,
          uniq_crazy_yiuf_cottage, uniq_ijyb
D:5:      layout_basic, minmay_manual_mess, uniq_eustachio
D:6:      layout_loops_cross, elyvilon_altar_4
D:7:      nicolae_whirlpool, layout_basic, minmay_temple_entry_from_below_a
D:8:      layout_loops_corners
D:9:      layout_irregular_city, evilmike_ruin_ashenzari,
          mainiacjoe_overflow_chevrons, erik_lair_island, uniq_erica, uniq_pikel
D:10:     layout_loops_ring, kennysheep_orc_monster_closet_entryway
D:11:     layout_cave_pools, nicolae_trove_entry_diagonal, minmay_liquid_box
D:12:     layout_small_grid, serial_demonic, serial_demonic_b, serial_demonic_c,
          serial_demonic_c, serial_demonic_c, serial_demonic_d,
          serial_demonic_f, serial_demonic_a,
          nicolae_concentric_dashed_squares_mild
D:13:     layout_cave_pools, david_vaults_1, chequers_serial_rivers_large_b,
          uniq_azrael, uniq_kirke, uniq_lodul, uniq_jorgrun
D:14:     layout_gridville, lemuel_crystal_altar, uniq_roxanne
D:15:     gammafunk_enter_depths_forms, layout_cross, minmay_misc_feat_diagonals
Temple:   hellmonk_temple_divided_pantheon
Lair:1:   layout_cave_pods, grunt_megastairs_5, lemuel_fruit_tree, uniq_maggie
Lair:2:   layout_chaotic_city, guppyfry_snake_entry_garden
Lair:3:   nzn_winding_woodlands_small [nzn_winding_woodlands_5x15_garden,
          nzn_winding_woodlands_center_garden,
          nzn_winding_woodlands_5x15_longhouse], layout_hall_layers,
          minmay_shoals_entry_lonely_mermaid, beast_lair_carwin_4,
          infiniplex_staircase_pool, grunt_megastairs_4
Lair:4:   layout_cave_pods
Lair:5:   gammafunk_lair_ancient_temple, layout_cave_pods, slime_entry_1,
          uniq_josephine
Snake:1:  layout_rooms, serial_bayou, serial_bayou_pond_e, serial_bayou_lake_a,
          serial_bayou_pond_d, serial_bayou_shore_a, serial_bayou_lagoon_a,
          hangedman_snake_corridor_cut, uniq_mlioglotl
Orc:1:    layout_caves, minmay_orc_barracks
Orc:2:    st_orc_open, layout_caves, serial_shops, nicolae_shop_hallway_stairs
Elf:1:    eino_elf_arrival_customs, layout_onion_city, minmay_elf_sorcery,
          nicolae_elf_archery_training, minmay_shoptagon

Skill      XL: |  1  2  3  4  5  6  7  8  9 10 11 12 13 14 15 16 |
---------------+-------------------------------------------------+-----
Maces & Flails | 3 4 5 6 7 10 13 16 | 16.0
Armour         | 4 5 7 10 11 12 | 12.0
Fighting       | 4 5 7 9 10 12 | 12.6
Shields        | 4 6 |  6.1
Evocations     | 1 2 |  2.0
Dodging        | 5 6 9 10 | 10.0
Invocations    | 2 10 | 10.0
Necromancy     | 4 8 9 |  9.0
Summonings     | 2 5 |  5.2
Spellcasting   | 2 4 5 |  5.0
Hexes          | 8 10 | 10.0
Translocations | 6 |  6.0

Action                     |  1- 3 |  4- 6 |  7- 9 | 10-12 | 13-15 | 16-18 || total
---------------------------+-------+-------+-------+-------+-------+-------++-------
  Melee: Flail             |   134 |    83 |       |       |       |       ||   217
         Morningstar       |       |    76 |   393 |   843 |   682 |    18 ||  2012
   Cast: Martyr's Knell    |       |       |       |       |    39 |       ||    39
         Anguish           |       |       |       |       |    25 |     1 ||    26
         Lesser Beckoning  |       |       |       |       |     9 |       ||     9
 Invoke: Convert to Beogh  |       |       |       |     1 |       |       ||     1
         Recall Apostles   |       |       |       |     3 |    15 |       ||    18
         Smiting           |       |       |       |     1 |     7 |       ||     8
         Recruit Apostle   |       |       |       |     1 |     3 |       ||     4
         Dismiss Apostle   |       |       |       |       |     1 |       ||     1
  Evoke: Wand              |       |       |       |     9 |     4 |       ||    13
    Use: Scroll            |     4 |     1 |     2 |     3 |    10 |       ||    20
         Potion            |       |     1 |       |     3 |     1 |     4 ||     9
   Stab: Distracted        |       |       |       |       |     7 |       ||     7
         Paralysed         |       |       |       |       |     1 |       ||     1
 Armour: Scale mail        |    83 |    18 |       |       |       |       ||   101
         Crystal plate arm |       |    13 |       |       |       |       ||    13
         Ring mail         |       |    22 |   154 |    30 |       |       ||   206
         Plate armour      |       |       |       |   416 |   663 |    70 ||  1149
  Dodge: Dodged            |    85 |   130 |   301 |   455 |   370 |    36 ||  1377
  Block: Buckler           |    29 |    29 |    82 |   154 |   145 |    11 ||   450

Table legend: (Time is in decaauts)
 A = Elapsed time spent in this place.
 B = Non-inter-level travel time spent in this place.
 C = Inter-level travel time spent in this place.
 D = Time resting spent in this place.
 E = Time spent auto-exploring this place.
 F = Levels seen in this place.
 G = Mean time per level.
                   A        B        C        D        E       F      G
               +--------+--------+--------+--------+--------+-----+--------+
         Total |  28085 |  26009 |   2076 |   3033 |  18355 |  25 | 1123.4 |
       Dungeon |  16923 |  15468 |   1455 |   1116 |  11352 |  15 | 1128.2 |
        Temple |      1 |      1 |      0 |      0 |      0 |   1 |    1.0 |
          Lair |   8800 |   8371 |    429 |   1044 |   6100 |   5 | 1760.0 |
     Snake Pit |     36 |     36 |      0 |      0 |      0 |   1 |   36.0 |
  Orcish Mines |   2078 |   1900 |    178 |    704 |    903 |   2 | 1039.0 |
   Elven Halls |    244 |    234 |     10 |    169 |      0 |   1 |  244.0 |
               +--------+--------+--------+--------+--------+-----+--------+

Top non-repeatable levels by time:
  Lair:2: 2282 daAuts
  Lair:5: 1969 daAuts
  Lair:3: 1796 daAuts
    D:10: 1674 daAuts
  Lair:1: 1646 daAuts
    D:11: 1436 daAuts
     D:3: 1418 daAuts
   Orc:1: 1372 daAuts
     D:8: 1270 daAuts
     D:9: 1262 daAuts
     D:4: 1253 daAuts
    D:15: 1178 daAuts
     D:7: 1121 daAuts
  Lair:4: 1105 daAuts
    D:12: 1055 daAuts
